 Dungeon Crawl Stone Soup version 0.20-a0-1124-g2e29d97 (webtiles) character file.

101 George the Slasher (level 4, -2/35 HPs)
             Began as a Demonspawn Fighter on May 15, 2017.
             Slain by a gnoll
             ... wielding a +0 spear
              (3 damage)
             ... on level 1 of the Dungeon.
             The game lasted 00:02:03 (1756 turns).

George the Slasher (Demonspawn Fighter)             Turns: 1756, Time: 00:02:04

Health: -2/35      AC:  6    Str: 23    XL:     4   Next: 48%
Magic:  4/4        EV:  8    Int:  9    God:
Gold:   58         SH:  9    Dex: 12    Spells: 3/3 levels left

rFire    . . .     SeeInvis .   a - +0 long sword
rCold    . . .     Gourm    .   c - +0 shield
rNeg     . . .     Faith    .   b - +0 scale mail
rPois    .         Spirit   .   (no helmet)
rElec    .         Reflect  .   (no cloak)
rCorr    .         Harm     .   (no gloves)
MR       .....                  (no boots)
Stlth    ..........             (no amulet)
Regen    0.2/turn               (no ring)
MPRegen  0.1/turn               (no ring)

@: mighty
A: sturdy frame 2
a: no special abilities


You were on level 1 of the Dungeon.
You were not hungry.

You visited 1 branch of the dungeon, and saw 2 of its levels.

You collected 58 gold pieces.

Inventory:

Hand Weapons
 a - a +0 long sword (weapon)
Armour
 b - a +0 scale mail (worn)
 c - a +0 shield (worn)
Scrolls
 i - a scroll of identify {unknown}
Potions
 e - a potion of curing {unknown}
 h - a potion of flight {unknown}
 j - a potion of magic {unknown}
Comestibles
 f - a bread ration
 g - a meat ration


   Skills:
 - Level 3.0 Fighting
 + Level 4.3 Long Blades
 - Level 2.6 Armour
 - Level 2.6 Shields


You had 3 spell levels left.
You didn't know any spells.

Dungeon Overview and Level Annotations

Branches:
Dungeon (2/15)

Altars:

Annotations:
D:2 Sigmund


Innate Abilities, Weirdness & Mutations

Your movements are less encumbered by armour. (ER -4)


Message History

The gnoll hits you with a spear.
You barely miss the gnoll.
The gnoll is moderately wounded.
You block the gnoll's attack. The gnoll hits you with a spear.
You closely miss the gnoll.
The gnoll is moderately wounded.
You block the gnoll's attack. The gnoll hits you with a spear.
You barely miss the gnoll.
The gnoll is moderately wounded.
The gnoll hits you but does no damage. x2
The gnoll hits you with an enchanted spear.
* * * LOW HITPOINT WARNING * * *
You feel very mighty all of a sudden. The gnoll hits you with a spear!
* * * LOW HITPOINT WARNING * * *
You block the gnoll's attack.
You hit the gnoll.
The gnoll is heavily wounded.
The gnoll hits you with a spear.
You die...

##.## #. ##...##
#. ##.#.#.######
#. #...........#
#. #..#.#.####.#
#. #.#...## #.# ##
#g#..## #.# #g#.##
#.# #@#.# #.#
#g#.## #.######
#..#.######.......
#.###...)...######
##.#.######.#
##.## #.# #.# #.#
#.# #.# #.# ##.#


You could see 2 gnolls and a hobgoblin.

Vanquished Creatures
  Natasha (D:2)
  2 gnolls (D:1)
  An adder (D:2)
  An ooze (D:1)
  4 dart slugs
  A leopard gecko (D:1)
  2 bats (D:1)
  2 giant cockroaches
  4 goblins (D:1)
  A hobgoblin (D:1)
  4 jackals (D:1)
  7 kobolds
  A frilled lizard (D:2)
  5 rats (D:1)
36 creatures vanquished.

Notes
Turn   | Place    | Note
-------+----------+-------------------------------------------
     0 | D:1      | George the Demonspawn Fighter began the quest for the Orb.
     0 | D:1      | Reached XP level 1. HP: 18/18 MP: 1/1
    43 | D:1      | Reached skill level 2 in Long Blades
   215 | D:1      | Gained mutation: Your movements are slightly less encumbered by armour. (ER -2) [demonic ancestry]
   215 | D:1      | Reached XP level 2. HP: 18/24 MP: 2/2
   419 | D:1      | Reached skill level 3 in Long Blades
   505 | D:1      | Gained mutation: Your movements are less encumbered by armour. (ER -4) [demonic ancestry]
   505 | D:1      | Reached XP level 3. HP: 24/29 MP: 3/3
   931 | D:2      | Noticed Natasha
   942 | D:2      | Killed Natasha
   942 | D:2      | Reached XP level 4. HP: 9/35 MP: 4/4
  1186 | D:2      | Reached skill level 4 in Long Blades
  1281 | D:2      | Noticed Sigmund
  1755 | D:1      | HP: 1/35 [gnoll/spear (9)]
  1756 | D:1      | Slain by a gnoll

Vault maps used:
D:1:      lightli_arrival_maybe_door_vault
D:2:      kennysheep_cluttered_room, uniq_sigmund, uniq_natasha

Skill      XL: |  1  2  3  4 |
---------------+-------------+-----
Long Blades    | 2 3 4 |  4.3
Fighting       | |  3.0
Armour         | |  2.6
Shields        | |  2.6

Action                   |  1- 3 |  4- 6 || total
-------------------------+-------+-------++-------
Melee: Long sword        |   104 |    31 ||   135
  Use: Potion            |       |     1 ||     1
  Eat: Chunk             |       |     3 ||     3
Armor: Scale mail        |    43 |    17 ||    60
Dodge: Dodged            |    31 |    10 ||    41
Block: Shield            |    44 |    17 ||    61
       Rpst.: Long sword |    12 |     1 ||    13
